 Dungeon Sprint DCSS version 0.31-a0-18-gea43df2a32 (webtiles) character file.

Game seed: 17195490212453885649

1814 bmack86 the Cleaver (level 8, -9/144 HPs)
             Began as a Minotaur Berserker on May 10, 2023.
             Was an Elder of Trog.
             Mangled by a centaur warrior (12 damage)
             ... in the Dungeon (Sprint I: "Red Sonja").
             The game lasted 00:03:21 (369 turns).

bmack86 the Cleaver (Minotaur Berserker)             Turns: 369, Time: 00:03:21

Health: -9/144     AC:  8    Str: 25    XL:     8   Next: 84%
Magic:  7/7        EV: 12    Int:  4    God:    Trog [****..]
Gold:   257        SH:  0    Dex:  9    Spells: 7/7 levels left

rFire   . . .        a - +0 hand axe
rCold   . . .        (no shield)
rNeg    . . .        k - +0 ring mail
rPois   .            (helmet restricted)
rElec   .            (no cloak)
rCorr   .            (no gloves)
SInv    .            (no boots)
Will    .....        (no amulet) Stlth
                     (no ring)
HPRegen 0.44/turn    (no ring)
MPRegen 0.10/turn

%: no teleportation
@: berserking (expiring), slow
A: horns 2, retaliatory headbutt, iridescent scales 1, robust 1
a: Renounce Religion, Berserk, Trog's Hand, Brothers in Arms


You were in the Dungeon.
You worshipped Trog.
Trog was greatly pleased with you.
You visited 1 branch You collected 413 gold pieces.
You spent 156 gold pieces at shops.

Inventory:

Hand Weapons
 a - a +0 hand axe (weapon)
Armour
 b - a +0 animal skin
 k - a +0 ring mail (worn)
Wands
 i - a wand of flame (3)
 l - a wand of roots (8) (quivered)
Scrolls
 h - a scroll of blinking
Potions
 c - 2 potions of curing
 d - 2 potions of heal wounds
 e - a potion of haste
 f - 2 potions of magic
 g - a potion of berserk rage
 j - a potion of mutation


   Skills:
 + Level 13.7 Fighting
 + Level 14.4 Axes
 + Level 8.6 Armour
 - Level 6.6 Dodging
 + Level 6.4 Evocations


You had 7 spell levels left.
You didn't know any spells.
Your spell library was empty.

Dungeon Overview and Level Annotations

Branches:
Dungeon (1/1)

Altars:
Cheibriados
Dithmenos
Elyvilon
Fedhas
Gozag
Hepliaklqana
Kikubaaqudgha
Makhleb
Nemelex Xobeh
Okawaru
Qazlal
Ru
Sif Muna
Trog
Uskayaw
Vehumet
Wu Jian
Xom
Yredelemnul
Zin
The Shining One
Jiyva
Lugonu

Shops:
D *


Innate Abilities, Weirdness & Mutations

You have a pair of horns on your head.
You reflexively headbutt those who attack you in melee.
You are partially covered in iridescent scales. (AC +2)
You are robust. (+10% HP)


Message History

Your Evocations skill increases to level 6!
You are too berserk!
You hit the centaur warrior.
Your headbutt misses the centaur warrior.
The centaur warrior is moderately wounded.
The centaur warrior hits you!
* * * LOW HITPOINT WARNING * * *
The centaur warrior barely misses you.
You slash the centaur warrior!
The centaur warrior is severely wounded.
You slash the centaur warrior!
Your headbutt misses the centaur warrior.
The centaur warrior is severely wounded.
The centaur warrior hits you.
* * * LOW HITPOINT WARNING * * *
The centaur warrior barely misses you.
Your unstable footing causes you to fumble your attack.
Your unstable footing causes you to fumble your attack.
The centaur warrior hits you but does no damage.
The centaur warrior kicks you.
* * * LOW HITPOINT WARNING * * *
You barely miss the centaur warrior.
The centaur warrior is severely wounded.
The centaur warrior hits you but does no damage.
The centaur warrior kicks you but does no damage.
Your unstable footing causes you to fumble your attack.
Your unstable footing causes you to fumble your attack.
The centaur warrior hits you but does no damage.
The centaur warrior kicks you but does no damage.
You slash the centaur warrior!
The centaur warrior is almost dead.
The centaur warrior hits you.
* * * LOW HITPOINT WARNING * * *
The centaur warrior kicks you.
* * * LOW HITPOINT WARNING * * *
Your unstable footing causes you to fumble your attack.
You barely miss the centaur warrior.
The centaur warrior is almost dead.
The centaur warrior hits you!
You die...

#########################
<.#..)..#..'..#__#..'.).#
..)..#..').#..'..'..#)..#
..#####'#####'#__####...+
..####..#...#.####§§#####
..#__####..##[#§§c§.#
..#_____##'#§.§§@§§§+
⌠⌠#_.∩...'..._#§§§§.#
###_..__##_.#'##+####
#_____###+#.# ####### ###


You could see a centaur warrior.

Vanquished Creatures
  A centaur warrior (D)
  2 kobold demonologists (D)
  Sigmund (D)
  A slime creature (D)
  A yak (D)
  A floating eye (D)
  An ogre (D)
  A jelly (D)
  Ijyb (D)
10 creatures vanquished.

Notes
Turn   | Place    | Note
-------+----------+-------------------------------------------
     0 | D        | bmack86 the Minotaur Berserker began the quest for the Orb.
     0 | D        | Reached XP level 1. HP: 19/19 MP: 0/0
     3 | D        | Noticed Ijyb
    10 | D        | Killed Ijyb
    11 | D        | Reached skill level 5 in Fighting
    11 | D        | Reached skill level 5 in Axes
    11 | D        | Reached XP level 2. HP: 30/30 MP: 1/1
    32 | D        | Noticed an ogre
    37 | D        | Killed an ogre
    38 | D        | Reached skill level 7 in Axes
    38 | D        | Reached XP level 3. HP: 40/40 MP: 2/2
    38 | D        | Reached XP level 4. HP: 48/48 MP: 3/3
    94 | D        | Noticed Sigmund
   103 | D        | Killed Sigmund
   103 | D        | Reached ** piety under Trog
   104 | D        | Reached skill level 10 in Fighting
   104 | D        | Reached skill level 10 in Axes
   104 | D        | Reached skill level 5 in Armour
   104 | D        | Reached XP level 5. HP: 58/58 MP: 4/4
   104 | D        | Reached XP level 6. HP: 66/66 MP: 5/5
   158 | D        | Found a burning altar of Makhleb.
   158 | D        | Found a viscous altar of Jiyva.
   158 | D        | Found a shimmering altar of Xom.
   158 | D        | Found a corrupted altar of Lugonu.
   158 | D        | Noticed a slime creature
   165 | D        | Killed a slime creature
   166 | D        | Reached skill level 11 in Axes
   166 | D        | Reached skill level 5 in Dodging
   197 | D        | Found an ornate altar of the Wu Jian Council.
   197 | D        | Found a shimmering blue altar of Sif Muna.
   199 | D        | Found a radiant altar of Vehumet.
   242 | D        | Found Konwab's General Store.
   242 | D        | Found an ancient bone altar of Kikubaaqudgha.
   242 | D        | Found a hazy altar of Hepliaklqana.
   242 | D        | Found a stormy altar of Qazlal.
   242 | D        | Found a hide-covered altar of Uskayaw.
   242 | D        | Found a blossoming altar of Fedhas.
   242 | D        | Found a bloodstained altar of Trog.
   242 | D        | Found an iron altar of Okawaru.
   242 | D        | Found a basalt altar of Yredelemnul.
   242 | D        | Found a glowing golden altar of the Shining One.
   242 | D        | Found a snail-covered altar of Cheibriados.
   242 | D        | Found a sacrificial altar of Ru.
   242 | D        | Found a glowing silver altar of Zin.
   242 | D        | Found a shadowy altar of Dithmenos.
   242 | D        | Found a white marble altar of Elyvilon.
   242 | D        | Noticed a yak
   247 | D        | Killed a yak
   248 | D        | Reached skill level 12 in Axes
   248 | D        | Reached XP level 7. HP: 74/74 MP: 6/6
   248 | D        | Found an opulent altar of Gozag.
   249 | D        | Found a sparkling altar of Nemelex Xobeh.
   253 | D        | Bought a potion of heal wounds for 60 gold pieces
   253 | D        | Bought a potion of mutation for 96 gold pieces
   253 | D        | Gained mutation: You are partially covered in iridescent
                  | scales. (AC +2) [potion of mutation]
   253 | D        | Gained mutation: You are robust. (+10% HP) [potion of
                  | mutation]
   288 | D        | Noticed a kobold demonologist
   288 | D        | Noticed a kobold demonologist
   291 | D        | Reached *** piety under Trog
   296 | D        | Killed a kobold demonologist
   297 | D        | Reached skill level 13 in Axes
   298 | D        | Killed a kobold demonologist
   298 | D        | Reached **** piety under Trog
   299 | D        | Reached skill level 5 in Evocations
   299 | D        | Reached XP level 8. HP: 93/93 MP: 7/7
   348 | D        | Noticed a centaur warrior
   348 | D        | Noticed a centaur warrior
   358 | D        | Killed a centaur warrior
   359 | D        | Reached skill level 14 in Axes
   363 | D        | HP: 6/144 [centaur warrior (3)]
   369 | D        | Mangled by a centaur warrior

Illustrated notes

Levels and vault maps discovered:
D:        dungeon_sprint_1 [red_sonja_temple_1, red_sonja_temple_small_1]

Skill      XL: |  1  2  3  4  5  6  7  8 |
---------------+-------------------------+-----
Fighting       | 5 7 10 11 12 13 | 13.7
Axes           | 5 7 10 12 13 14 | 14.4
Armour         | 3 4 5 6 7 8 |  8.6
Dodging        | 3 4 5 6 |  6.6
Evocations     | 3 5 6 |  6.4

Action                     |  1- 3 |  4- 6 |  7- 9 || total
---------------------------+-------+-------+-------++-------
  Melee: Hand axe          |    10 |    20 |    22 ||    52
         Headbutt          |     2 |     5 |       ||     7
         Punch             |       |     1 |     1 ||     2
 Invoke: Berserk           |     1 |     3 |     2 ||     6
  Evoke: Wand              |       |       |     3 ||     3
    Use: Potion            |       |       |     1 ||     1
 Armour: Animal skin       |     1 |       |       ||     1
         Ring mail         |       |     7 |     8 ||    15
  Dodge: Dodged            |     6 |     3 |    10 ||    19

Table legend: (Time is in decaauts)
 A = Elapsed time spent in this place.
 B = Non-inter-level travel time spent in this place.
 C = Inter-level travel time spent in this place.
 D = Time resting spent in this place.
 E = Time spent auto-exploring this place.
 F = Levels seen in this place.
 G = Mean time per level.
                   A        B        C        D        E       F      G
               +--------+--------+--------+--------+--------+-----+--------+
         Total |    410 |    410 |      0 |    178 |      0 |   1 |  410.0 |
       Dungeon |    410 |    410 |      0 |    178 |      0 |   1 |  410.0 |
               +--------+--------+--------+--------+--------+-----+--------+

Top non-repeatable levels by time:
       D: 410 daAuts
